 Dungeon Crawl Stone Soup version 0.31-a0-662-g684573625c (webtiles) character file.

Game seed: 6606640271544287949

13370 AdnanSaban the Blocker (level 12, -2/75 HPs)
             Began as a Gargoyle Fighter on Sept 1, 2023.
             Was a Believer of Okawaru.
             Slain by a meliai simulacrum (16 damage)
             ... animated by a necromancer
             ... on level 10 of the Dungeon.
             The game lasted 00:16:53 (13111 turns).

AdnanSaban the Blocker (Gargoyle Fighter)          Turns: 13111, Time: 00:16:54

Health: -2/75      AC: 24    Str: 25    XL:     12   Next: 5%
Magic:  10/12      EV: 11    Int: 12    God:    Okawaru [**....]
Gold:   721        SH: 18    Dex:  9    Spells: 11/11 levels left

rFire   . . .        C - +0 whip (elec)
rCold   . . .        K - +0 kite shield
rNeg    + . .        H - +0 chain mail
rPois   ∞            y - +1 helmet {Int+3}
rElec   +            (no cloak)
rCorr   .            (no gloves)
SInv    .            (no boots)
Will    .....        f - amulet of reflection
Stlth   +            (no ring)
HPRegen 0.32/turn    (no ring)
MPRegen 0.13/turn

%: reflection
@: heroic
A: sickness immunity, AC +8, negative energy resistance 1, electricity
resistance, torment resistance 1, petrification resistance
a: Renounce Religion, Heroism


You were on level 10 of the Dungeon.
You worshipped Okawaru.
Okawaru was pleased with you.
You visited 2 branches of the dungeon, and saw 11 of its levels.

You collected 721 gold pieces.

Inventory:

Hand Weapons
 C - a +0 whip of electrocution (weapon)
Missiles
 h - 9 javelins
 q - 8 boomerangs
 v - 18 poisoned darts (quivered)
 J - 2 throwing nets
Armour
 y - a +1 helmet of intelligence (worn)
 H - a +0 chain mail (worn)
 K - a +0 kite shield (worn)
Jewellery
 f - an amulet of reflection (around neck)
 F - a ring of ice
Wands
 g - a wand of roots (2)
Scrolls
 a - a scroll of summoning {unknown}
 b - a scroll of silence {unknown}
 c - 2 scrolls of fear {unknown}
 i - a scroll of acquirement {unknown}
 j - 2 scrolls of poison {unknown}
 k - 3 scrolls of vulnerability {unknown}
 l - a scroll of fog {unknown}
 m - 10 scrolls of identify {unknown}
 o - 2 scrolls of amnesia {unknown}
 r - 3 scrolls of immolation {unknown}
 t - 2 scrolls of revelation {unknown}
 w - 2 scrolls of enchant weapon {unknown}
 x - 6 scrolls of teleportation {unknown}
 D - a scroll of enchant armour {unknown}
Potions
 d - 4 potions of might
 e - 8 potions of curing {unknown}
 n - 3 potions of heal wounds {unknown}
 p - 3 potions of mutation {unknown}
 s - a potion of enlightenment {unknown}
 u - 2 potions of resistance {unknown}
 z - a potion of magic {unknown}
 A - 4 potions of haste {unknown}
 B - a potion of berserk rage {unknown}
 E - a potion of experience {unknown}
 G - a potion of lignification {unknown}
 I - a potion of brilliance {unknown}
 L - a potion of cancellation {unknown}
 M - a potion of degeneration {unknown}


   Skills:
 + Level 8.4(13.4) Fighting
 + Level 10.7(15.7) Maces & Flails
 + Level 2.3(7.3) Throwing
 + Level 9.5(14.5) Armour
 + Level 4.5(9.5) Dodging
 + Level 2.4(7.4) Stealth
 + Level 11.2(16.2) Shields
 * Level 0.4 Invocations


You had 11 spell levels left.
You didn't know any spells.
Your spell library contained the following spells:

 Spells                   Type           Power      Damage    Failure   Level
 Magic Dart               Conj           0%         1d3       83%         1
 Slow                     Hex            0%         N/A       83%         1
 Blink                    Tloc           0%         N/A       93%         2
 Lesser Beckoning         Tloc           0%         N/A       93%         2
 Momentum Strike          Conj/Tloc      0%         3d8       93%         2
 Wereblood                Tmut           0%         N/A       93%         2
 Confusing Touch          Hex            0%         N/A       99%         3
 Dazzling Flash           Conj/Hex       0%         N/A       99%         3
 Frozen Ramparts          Ice            0%         1d1       99%         3
 Mephitic Cloud           Conj/Pois/Air  0%         N/A       99%         3
 Vampiric Draining        Necr           0%         2d6       99%         3
 Cause Fear               Hex            0%         N/A       100%        4
 Petrify                  Tmut/Erth      0%         N/A       100%        4
 Agony                    Necr           0%         N/A       100%        5
 Fireball                 Conj/Fire      0%         3d3       100%        5
 Irradiate                Conj/Tmut      0%         3d11      100%        5
 Metabolic Englaciation   Hex/Ice        0%         N/A       100%        5
 Silence                  Hex/Air        0%         N/A       100%        5
 Call Imp                 Summ           Unusable   N/A       N/A         2
 Dragon's Call            Summ           Unusable   N/A       N/A         9

Dungeon Overview and Level Annotations

Branches:
Dungeon (10/15)            Temple (1/1) D:7            Lair (0/5) D:10
    Orc (0/2) D:10

Altars:
Ashenzari
Cheibriados
Dithmenos
Elyvilon
Fedhas
Gozag
Hepliaklqana
Kikubaaqudgha
Makhleb
Nemelex Xobeh
Okawaru
Qazlal
Ru
Sif Muna
Trog
Uskayaw
Vehumet
Wu Jian
Xom
Yredelemnul
Zin
The Shining One

Annotations:
D:3 1 runed translucent door, Crazy Yiuf
D:8 3 runed translucent doors, Revguard's ghost, novice GrFi


Innate Abilities, Weirdness & Mutations

You are immune to sickness and miasma.
Your stone body is resilient. (AC +8)
You are immune to poison.
You resist negative energy. (rN+)
You are resistant to electric shocks. (rElec)
You are resistant to unholy torment.
You are immune to petrification.


Message History

The meliai calls down the wrath of its god upon you.
Something smites you!
You closely miss the meliai.
The meliai is heavily wounded.
The meliai mumbles some strange prayers to its god against you.
Something smites you! You block the meliai's attack. x2
You closely miss the meliai.
The meliai is heavily wounded.
The meliai invokes the aid of its god against you.
Something smites you!
* * * LOW HITPOINT WARNING * * *
You closely miss the meliai.
The meliai is heavily wounded.
The meliai closely misses you. You block the meliai's attack.
You gain the combat prowess of a mighty hero.
The meliai hits you but does no damage. You block the meliai's attack. x2
The meliai stings you but does no damage.
You hit the meliai.
The meliai is heavily wounded.
The meliai hits you but does no damage. You block the meliai's attack.
You hit the meliai but do no damage. Lightning courses through the meliai!
You kill the meliai!
Okawaru accepts your kill.
A meliai simulacrum comes into view.
The necromancer casts a spell at you.
You struggle to resist.
Things that are here:
a +0 hand axe; a +0 leather armour You hit the necromancer but do no damage.
Lightning courses through the necromancer!!
The necromancer is heavily wounded.
You block the meliai simulacrum's attack.
The meliai simulacrum closely misses you.
The necromancer barely misses you.
You whack the necromancer!
The necromancer is severely wounded.
The meliai simulacrum hits you.
* * * LOW HITPOINT WARNING * * *
The meliai simulacrum freezes you!
You die...

#.# ##..... #.#
#.#.## ######.#
#...# #.)....#
###.# ##.####.#
#.#
#..###############
#.###.............
#.# #..##./.....#
#@###8.##.8..#####
#pZ.....).##......
#.'.......##....c.
#####8.##.8p.#####
#..##......
#...........
############# #.#
#.# #.# #.#


You could see a necromancer and a meliai simulacrum.

Vanquished Creatures
  3 two-headed ogres
  A centaur warrior (D:10)
  Pikel (D:4)
  A komodo dragon (D:10)
  An unseen horror (D:10)
  A troll (D:9)
  A meliai (D:10)
  Grinder (D:4)
  2 slime creatures (D:10)
  A vampire (D:10)
  A shadow (D:10)
  2 wyverns
  A wraith (D:10)
  14 yaks
  4 steam dragons
  3 vampire mosquitoes
  An acid dragon (D:9)
  5 water moccasins
  5 orc warriors
  6 black bears
  4 ice beasts
  2 sky beasts
  6 centaurs
  An ogre (D:4)
  A lemure (D:4)
  2 phantoms
  4 bullfrogs
  8 scorpions
  2 gnoll sergeants
  10 killer bees
  2 howler monkeys (D:10)
  2 jellies
  7 hounds
  A gnoll bouda (D:6)
  4 orc priests
  Ijyb (D:4)
  3 sleepcaps
  4 iguanas
  11 orc wizards
  Robin (D:3)
  16 gnolls
  5 adders
  2 shadow imps
  A white imp (D:7)
  An ufetubus (D:5)
  3 worms
  A dart slug (D:3)
  48 orcs
  9 ball pythons
  6 bats
  10 endoplasms
  3 giant cockroaches
  11 goblins
  9 hobgoblins
  9 kobolds
  5 quokkas
  6 frilled lizards
  4 rats
280 creatures vanquished.

Vanquished Creatures (others)
  2 orc wizards
2 creatures vanquished.

Grand Total: 282 creatures vanquished

Notes
Turn   | Place    | Note
-------+----------+-------------------------------------------
     0 | D:1      | AdnanSaban the Gargoyle Fighter began the quest for the
                  | Orb.
     0 | D:1      | Reached XP level 1. HP: 14/14 MP: 1/1
   123 | D:1      | Reached XP level 2. HP: 19/19 MP: 2/2
   315 | D:1      | Reached XP level 3. HP: 24/24 MP: 3/3
   736 | D:2      | Identified the amulet "Lomes" {Faith rC++ rCorr Int-2
                  | Dex-4}
   996 | D:2      | Reached XP level 4. HP: 25/29 MP: 4/4
  1276 | D:2      | Found a faded altar of an unknown god.
  1482 | D:3      | Identified the +7 whip of Okawaru's Respect {flame, rPois
                  | Will+ Int+2}
  1533 | D:3      | Reached skill level 4 in Shields
  1624 | D:3      | Found an ornate altar of the Wu Jian Council.
  1904 | D:3      | Reached XP level 5. HP: 33/33 MP: 5/5
  2103 | D:3      | Found a runed translucent door.
  2104 | D:3      | Noticed Crazy Yiuf
  2129 | D:3      | Found a glowing silver altar of Zin.
  2319 | D:3      | Noticed Robin
  2332 | D:3      | Killed Robin
  2645 | D:4      | Noticed Ijyb
  2649 | D:4      | Noticed Grinder
  2651 | D:4      | Paralysed by Grinder for 2 turns
  2657 | D:4      | Paralysed by Grinder for 4 turns
  2740 | D:4      | Paralysed by Grinder for 2 turns
  2745 | D:4      | Killed Ijyb
  2747 | D:4      | Paralysed by Grinder for 5 turns
  2828 | D:4      | Paralysed by Grinder for 4 turns
  2856 | D:4      | Paralysed by Grinder for 3 turns
  2859 | D:4      | Killed Grinder
  2860 | D:4      | Reached XP level 6. HP: 28/38 MP: 6/6
  3107 | D:4      | Reached skill level 1 in Dodging
  3149 | D:4      | Found a hide-covered altar of Uskayaw.
  3159 | D:4      | Reached XP level 7. HP: 44/44 MP: 7/7
  3315 | D:4      | Reached skill level 5 in Maces & Flails
  3534 | D:4      | Noticed Pikel
  3572 | D:4      | Killed Pikel
  3573 | D:4      | Reached skill level 5 in Armour
  3573 | D:4      | Reached skill level 5 in Shields
  3573 | D:4      | Reached XP level 8. HP: 34/48 MP: 8/8
  3590 | D:4      | Found a hazy altar of Hepliaklqana.
  3882 | D:5      | Entered Level 5 of the Dungeon
  3900 | D:5      | Reached skill level 5 in Fighting
  4297 | D:5      | Reached XP level 9. HP: 44/54 MP: 9/9
  4353 | D:5      | Reached skill level 6 in Shields
  4359 | D:5      | Noticed a two-headed ogre
  5253 | D:6      | Reached skill level 1 in Stealth
  6577 | D:7      | Found a staircase to the Ecumenical Temple.
  6587 | D:7      | Reached skill level 7 in Shields
  6592 | Temple   | Entered the Ecumenical Temple
  6806 | D:7      | HP: 1/55 [steam dragon/ball of steam (13)]
  6995 | D:7      | Found an ancient bone altar of Kikubaaqudgha.
  7224 | D:7      | Found a shimmering altar of Xom.
  7307 | D:7      | Reached XP level 10. HP: 50/61 MP: 10/10
  7491 | D:7      | Reached skill level 8 in Shields
  8340 | D:8      | Found a bloodstained altar of Trog.
  8519 | D:8      | Noticed a kobold demonologist
  8520 | D:8      | Found a runed translucent gate.
  8520 | D:8      | Noticed Revguard's ghost (novice GrFi)
  8521 | D:8      | Found a runed translucent gate.
  8525 | D:8      | Found a glowing golden altar of the Shining One.
  8550 | D:8      | Found a runed translucent gate.
 10018 | D:9      | Noticed a two-headed ogre
 10037 | D:9      | Killed a two-headed ogre
 10038 | D:9      | Reached skill level 1 in Throwing
 10038 | D:9      | Reached skill level 9 in Shields
 10241 | D:9      | Reached XP level 11. HP: 58/68 MP: 11/11
 10645 | D:10     | Entered Level 10 of the Dungeon
 11162 | D:10     | Noticed a seven-headed hydra
 11221 | D:9      | Reached skill level 10 in Shields
 11234 | D:9      | Reached skill level 10 in Maces & Flails
 11575 | D:10     | Found an iron altar of Okawaru.
 11591 | D:10     | Became a worshipper of Warmaster Okawaru
 11702 | D:10     | Noticed a two-headed ogre
 11718 | D:10     | Killed a two-headed ogre
 11951 | D:10     | Identified the +3 ring mail of the Stallion {Rampage SInv}
 12234 | D:9      | Reached * piety under Okawaru
 12370 | D:10     | Found a broken altar of Ashenzari.
 12531 | D:10     | Reached ** piety under Okawaru
 12533 | D:10     | Found a staircase to the Lair.
 12636 | D:10     | Found a staircase to the Orcish Mines.
 12774 | D:10     | Noticed a necromancer
 12774 | D:10     | Noticed a two-headed ogre
 12774 | D:10     | Noticed a centaur warrior
 12808 | D:10     | Killed a centaur warrior
 12809 | D:10     | Reached skill level 11 in Shields
 12844 | D:10     | Killed a two-headed ogre
 12845 | D:10     | Reached XP level 12. HP: 11/75 MP: 9/12
 13111 | D:10     | Slain by a meliai simulacrum

Illustrated notes

Levels and vault maps discovered:
D:1:      moated_graveyard_arrival, layout_basic, minmay_tetromino_s2
D:2:      minmay_chambers_of_twos, layout_basic, ebering_ecumenical_altar_hall
D:3:      layout_basic, mainiacjoe_overflow_alcove_2,
          mainiacjoe_overflow_concentric_impassable, uniq_robin,
          uniq_crazy_yiuf_cottage
D:4:      layout_loops_ring, mainiacjoe_overflow_small_starburst,
          nzn_hepliaklqana_mist_gate, serial_bayou_lagoon_b, uniq_ijyb,
          uniq_pikel, uniq_grinder
D:5:      layout_basic, nzn_random_ring
D:6:      layout_loops_corners, chequers_ossuary_entry_cave, minivault_11
D:7:      layout_cave_pods, xom_confusion_cloud, kiku_gazebo_garden_becter,
          minmay_temple_entry_overgrown, grunt_ministairs_15, uniq_menkaure
D:8:      nicolae_cairo_tiling_large_dashed, layout_loops_ring, tso_altar,
          trog_ov_bears_minmay, gammafunk_ghost_nasty_kobolds
D:9:      layout_irregular_city, dk_noncrumbling_2
D:10:     hangedman_cross_stitches, layout_small_grid, amcnicky_altar_gilded,
          lemuel_crystal_altar, due_lair_maze_entry_diamond, orc_0_dummy,
          wad_scary_box
Temple:   hc_temple_tempest_star

Skill      XL: |  1  2  3  4  5  6  7  8  9 10 11 |
---------------+----------------------------------+-----
Armour         | 4 5 6 7 9 |  9.5
Fighting       | 4 5 6 7 8 |  8.4
Maces & Flails | 3 4 6 7 8 9 10 | 10.7
Shields        | 4 5 7 9 11 | 11.2
Dodging        | 1 2 3 4 |  4.5
Stealth        | 1 2 |  2.4
Throwing       | 1 2 |  2.3
Invocations    | |  0.4

Action                     |  1- 3 |  4- 6 |  7- 9 | 10-12 || total
---------------------------+-------+-------+-------+-------++-------
  Melee: Flail             |   112 |   196 |    74 |       ||   382
         Whip              |       |       |   462 |   678 ||  1140
  Throw: Dart              |       |     3 |       |    19 ||    22
 Invoke: Heroism           |       |       |       |     2 ||     2
   Stab: Distracted        |       |       |       |     1 ||     1
 Armour: Scale mail        |    64 |   133 |   263 |   134 ||   594
         Chain mail        |       |       |       |   325 ||   325
  Dodge: Dodged            |    32 |    49 |   158 |   185 ||   424
  Block: Buckler           |    42 |    99 |   224 |   221 ||   586
         Reflection        |     1 |       |     4 |    34 ||    39
         Kite shield       |       |       |       |   107 ||   107

Table legend: (Time is in decaauts)
 A = Elapsed time spent in this place.
 B = Non-inter-level travel time spent in this place.
 C = Inter-level travel time spent in this place.
 D = Time resting spent in this place.
 E = Time spent auto-exploring this place.
 F = Levels seen in this place.
 G = Mean time per level.
                   A        B        C        D        E       F      G
               +--------+--------+--------+--------+--------+-----+--------+
         Total |  12892 |  11874 |   1018 |   1142 |   8158 |  11 | 1172.0 |
       Dungeon |  12890 |  11872 |   1018 |   1142 |   8158 |  10 | 1289.0 |
        Temple |      1 |      1 |      0 |      0 |      0 |   1 |    1.0 |
               +--------+--------+--------+--------+--------+-----+--------+

Top non-repeatable levels by time:
     D:9: 1820 daAuts
    D:10: 1812 daAuts
     D:7: 1459 daAuts
     D:3: 1341 daAuts
     D:5: 1310 daAuts
     D:6: 1281 daAuts
     D:8: 1198 daAuts
     D:4: 1174 daAuts
     D:2: 783 daAuts
     D:1: 707 daAuts
  Temple: 1 daAuts
